[Event "Late-Titled-Tuesday-Blitz-May-14-2024"]
[Site "Chess.com"]
[Date "2024.05.14"]
[Round "2"]
[White "rhungaski"]
[Black "hsd2016"]
[Result "1-0"]
[WhiteElo "2530"]
[BlackElo "2316"]
[TimeControl "180+1"]
[EndTime "14:15:54 PDT"]
[Termination "rhungaski won by resignation"]

1. b3 e5 2. Bb2 Nc6 3. e3 d5 4.
Bb5 Bd6 5. Nf3 f6 6. d4 e4 7. Nfd2 f5 8. c4 Nf6 9. Nc3 Be6 10.
cxd5 Nxd5 11. a3 Qg5 12. g3 O-O 13. Nxd5 Bxd5 14. Bc4 Ne7 15. b4 c6 16. Qc2 a6 17.
Nb3 Bxc4 18. Qxc4+ Nd5 19. Nc5 Rf7 20. Nxb7 Bf8 21. h4 Nxe3 22. Qxf7+ 1-0

[Event "Late-Titled-Tuesday-Blitz-May-14-2024"]
[Site "Chess.com"]
[Date "2024.05.14"]
[Round "2"]
[White "crushernt"]
[Black "cukricek"]
[Result "0-1"]
[WhiteElo "2075"]
[BlackElo "2451"]
[TimeControl "180+1"]
[EndTime "14:15:55 PDT"]
[Termination "cukricek won by resignation"]

1. e4 c5 2. Nf3 g6 3. d4 cxd4 4.
Qxd4 Nf6 5. Nc3 Nc6 6. Qa4 d6 7. e5 dxe5 8. Nxe5 Bd7 9. Nxd7 Nxd7 10. Be3 Bg7 11. Qb3 Qc8 12. a4 O-O 13. a5 Nd4 14.
Bxd4 Bxd4 15. Bc4 Nc5 16. Qb5 Qf5 17. O-O Qxc2 18. Rad1 e5 19. Rxd4 exd4 20. Qxc5 dxc3 21. bxc3 Rac8 22. Qd5 Qxc3 23. Ba2 Qb2 24. h4 Rc1 25. Rxc1 Qxc1+ 26. Kh2 Qf4+ 27. Kg1 Qxh4 28. Qxb7 Qd4 29. Bd5 Qf6 30. a6 Re8 31. Be4 Qa1+ 32. Kh2 Qe5+ 0-1

[Event "Late-Titled-Tuesday-Blitz-May-14-2024"]
[Site "Chess.com"]
[Date "2024.05.14"]
[Round "2"]
[White "farzadbfd"]
[Black "egnfanclub"]
[Result "1-0"]
[WhiteElo "2733"]
[BlackElo "2357"]
[TimeControl "180+1"]
[EndTime "14:15:59 PDT"]
[Termination "farzadbfd won by resignation"]

1. e4 e5 2. Nf3 Nc6 3. Bc4 Nf6 4. d3 Bc5 5. O-O d6 6. Re1 O-O 7. Nc3 h6 8. h3 a6 9. a4 Be6 10. Be3 Nd4 11. a5 c6 12. Bxd4 Bxd4 13. Nxd4 exd4 14. Ne2 Bxc4 15. dxc4 c5 16. Ng3 g6 17. Qf3 Re8 18.
Ra3 Nd7 19. Qf4 Ne5 20. Qxh6 Nxc4 21. Nh5 1-0

[Event "Late-Titled-Tuesday-Blitz-May-14-2024"]
[Site "Chess.com"]
[Date "2024.05.14"]
[Round "2"]
[White "SHIVACalypso"]
[Black "SchmakAttack"]
[Result "0-1"]
[WhiteElo "2550"]
[BlackElo "2784"]
[TimeControl "180+1"]
[EndTime "14:16:04 PDT"]
[Termination "SchmakAttack won by resignation"]

1. d4 Nf6 2. Nf3 d5 3. c4 e6 4. Nc3 c6 5. Bg5 dxc4 6. e4 b5 7. e5 h6 8. Bh4 g5 9. exf6 gxh4 10. Ne4 Nd7 11. a3 Nxf6 12. Qc2 Nxe4 13. Qxe4 Qa5+ 14.
Nd2 Bb7 15. Be2 c3 16. bxc3 Qxc3 17. Rd1 O-O-O 18. O-O Rxd4 19. Qe5 Rd3 20. Qf4 Bd6 21. Qxf7 Rxd2 22. Qxe6+ Kc7 23. Rc1 Qe5 24. Qf7+ Kb6 25. f4 Qxe2 0-1

[Event "Late-Titled-Tuesday-Blitz-May-14-2024"]
[Site "Chess.com"]
[Date "2024.05.14"]
[Round "2"]
[White "maurovargas01"]
[Black "Flaccidmoves"]
[Result "0-1"]
[WhiteElo "1940"]
[BlackElo "2439"]
[TimeControl "180+1"]
[EndTime "14:16:05 PDT"]
[Termination "Flaccidmoves won by checkmate"]

1. e4 c5 2. Nc3 Nc6 3. f4 g6 4. Nf3 Bg7 5. g4 Nf6 6. h3 d5 7. e5 Ne4 8. Bb5 e6 9. Bxc6+ bxc6 10.
Nxe4 dxe4 11. Ng5 Bxe5 12. Nxe4 Qh4+ 13. Nf2 Bxf4 14. Qf3 Bg3 15. O-O O-O 16. d3 e5 17.
Kg2 f5 18. Qxc6 Rb8 19. Qd5+ Kh8 20. Qxc5 Bb7+ 21. Kg1 Rbc8 22. Qxa7 Rxc2 23. Be3 Qxh3 24. Qxb7 Qh2# 0-1

[Event "Late-Titled-Tuesday-Blitz-May-14-2024"]
[Site "Chess.com"]
[Date "2024.05.14"]
[Round "2"]
[White "ilya2700"]
[Black "YouShallNotPass001"]
[Result "0-1"]
[WhiteElo "2229"]
[BlackElo "2498"]
[TimeControl "180+1"]
[EndTime "14:16:07 PDT"]
[Termination "YouShallNotPass001 won by resignation"]

1. d4 Nf6 2. c4 e6 3. Nf3 c5 4. d5 exd5 5. cxd5 d6 6. e4 g6 7. Nc3 Bg7 8. Be2 O-O 9. O-O Re8 10.
Nd2 Na6 11. f3 Nc7 12. a4 b6 13. Nc4 Ba6 14. Bf4 Bxc4 15. Bxc4 Nh5 16. Be3 a6 17. g4 Nf6 18. Qd3 Nd7 19. f4 b5 20.
axb5 axb5 21. Nxb5 Rxa1 22. Rxa1 Nf6 23. Nxd6 Qxd6 24.
e5 Qd7 25. exf6 Qxg4+ 26. Kf2 Bxf6 27. d6 Bh4+ 28. Kf1 Qf3+ 29. Kg1 Rxe3 30. dxc7 Bf2+ 31. Kf1 Bg3+ 32. Kg1 Qf2+ 0-1

[Event "Late-Titled-Tuesday-Blitz-May-14-2024"]
[Site "Chess.com"]
[Date "2024.05.14"]
[Round "2"]
[White "lcmil"]
[Black "FairChess_on_YouTube"]
[Result "0-1"]
[WhiteElo "2680"]
[BlackElo "3081"]
[TimeControl "180+1"]
[EndTime "14:16:11 PDT"]
[Termination "FairChess_on_YouTube won by resignation"]

1. e4 c5 2. Nf3 e6 3. d4 cxd4 4. Nxd4 a6 5. Bd3 Bc5 6. Nb3 Ba7 7. Qg4 Nf6 8. Qg3 d6 9. Nc3 Nc6 10. a3 h5 11. Bg5 h4 12. Bxh4 Nh5 13. Bxd8 Nxg3 14.
fxg3 Kxd8 15. O-O-O Ke7 16. Be2 b5 17. Bf3 Ne5 18.
Kb1 Rb8 19. Ne2 b4 20. axb4 Rxb4 21. Ned4 Bd7 22. Be2 Rhb8 23. Bxa6 Ba4 24. Be2 Bxb3 25. Nxb3 Rxe4 26. Bd3 Ra4 27. Rde1 Nxd3 0-1

[Event "Late-Titled-Tuesday-Blitz-May-14-2024"]
[Site "Chess.com"]
[Date "2024.05.14"]
[Round "2"]
[White "remyrushbrooke"]
[Black "Adar_07"]
[Result "1-0"]
[WhiteElo "2343"]
[BlackElo "2708"]
[TimeControl "180+1"]
[EndTime "14:16:12 PDT"]
[Termination "remyrushbrooke won by checkmate"]

1. d4 Nf6 2. Nc3 d5 3. Bg5 c5 4. Bxf6 gxf6 5. e4 dxe4 6. dxc5 Qa5 7. Qh5 e6 8. O-O-O Bxc5 9. Bb5+ Bd7 10. Qxc5 Nc6 11.
Rxd7 a6 12. Nxe4 Qe1+ 13. Rd1 Qxe4 14. Bxc6+ bxc6 15. Nf3 Rb8 16. Qd6 Qb4 17. Qxb4 Rxb4 18. Rd6 Rg8 19. g3 Rc4 20. Rhd1 Rgg4 21. Rd8+ Ke7 22. R1d7# 1-0

[Event "Late-Titled-Tuesday-Blitz-May-14-2024"]
[Site "Chess.com"]
[Date "2024.05.14"]
[Round "2"]
[White "artin10862"]
[Black "Naoki"]
[Result "1-0"]
[WhiteElo "2863"]
[BlackElo "2588"]
[TimeControl "180+1"]
[EndTime "14:16:13 PDT"]
[Termination "artin10862 won by resignation"]

1. d4 Nf6 2. Nf3 g6 3. Bg5 Bg7 4. Nbd2 d6 5. c3 O-O 6. e4 Nbd7 7. Bc4 e5 8. dxe5 dxe5 9. h3 Qe7 10. O-O h6 11. Be3 Rd8 12. Qc2 b6 13. b4 Bb7 14.
a3 Nf8 15. Rfd1 Nh5 16. g3 Kh7 17. Bf1 Ne6 18. h4 c5 19. Nc4 Nf8 20. bxc5 bxc5 21. Na5 Nf6 22. Rxd8 Rxd8 23. Bxc5 Qc7 24. Nxb7 Ne6 25. Nxd8 Nxc5 26. Rd1 Nfd7 27. Nxf7 Kg8 28. Bc4 1-0

[Event "Late-Titled-Tuesday-Blitz-May-14-2024"]
[Site "Chess.com"]
[Date "2024.05.14"]
[Round "2"]
[White "Duhless"]
[Black "only_strong_moves"]
[Result "1-0"]
[WhiteElo "3109"]
[BlackElo "2692"]
[TimeControl "180+1"]
[EndTime "14:16:16 PDT"]
[Termination "Duhless won by checkmate"]

1. e4 e5 2. Bc4 Nf6 3. Nc3 Nc6 4. d3 Bc5 5. h3 O-O 6. Nge2 d6 7. O-O Be6 8. Kh1 Bxc4 9. dxc4 Nb8 10. Bg5 Nbd7 11. a3 a6 12. b4 Ba7 13. Qd3 h6 14.
Bd2 Qe7 15. Ng3 Rfd8 16. Nf5 Qe6 17. Bxh6 gxh6 18. Qg3+ Kf8 19. Qg7+ Ke8 20. Qh8+ Nf8 21. Ng7+ Ke7 22. Nxe6 Nxe6 23. Qxh6 Rh8 24. Qd2 Bd4 25. Rae1 c6 26. Re3 Rag8 27. Ne2 Bxe3 28. Qxe3 Rh4 29. Ng3 Kd7 30. Nf5 Rxe4 31. Qb6 Nd8 32. Rd1 Ne8 33. Nxd6 Nxd6 34. c5 Rd4 35. Rxd4 exd4 36. cxd6 Kxd6 37.
Qxd4+ Kc7 38. h4 Rg6 39. h5 Rd6 40. Qf4 Kd7 41. h6 Rd5 42. Qg4+ Ne6 43. h7 Rh5+ 44. Qxh5 Ng5 45. Qxg5 f6 46. Qxf6 a5 47. bxa5 b6 48. axb6 c5 49. h8=Q c4 50. Qhg7+ Kc8 51. Qff8# 1-0

[Event "Late-Titled-Tuesday-Blitz-May-14-2024"]
[Site "Chess.com"]
[Date "2024.05.14"]
[Round "2"]
[White "Sinquefield"]
[Black "Mbneu"]
[Result "1/2-1/2"]
[WhiteElo "2575"]
[BlackElo "2246"]
[TimeControl "180+1"]
[EndTime "14:16:16 PDT"]
[Termination "Game drawn by repetition"]

1. d4 Nf6 2. Bg5 Ne4 3. Bh4 g5 4. f3 gxh4 5. fxe4 c5 6. e3 d5 7. exd5 cxd4 8. Qxd4 Rg8 9. Nf3 Bg7 10. Bb5+ Bd7 11.
Qb4 a5 12. Qb3 Na6 13. c3 Nc5 14. Bxd7+ Qxd7 15. Qc4 Rc8 16. Qxh4 Bf6 17. Qh3 Nd3+ 18. Ke2 Nxb2 19. Qxd7+ Kxd7 20. g3 Na4 21. e4 Rg4 22. Ke3 Nxc3 23. Nxc3 Rxc3+ 24. Kf2 Rc2+ 25. Ke3 Rc3+ 26.
Kf2 Rc2+ 27. Ke3 Rc3+ 1/2-1/2

[Event "Late-Titled-Tuesday-Blitz-May-14-2024"]
[Site "Chess.com"]
[Date "2024.05.14"]
[Round "2"]
[White "KorolDimitriy75"]
[Black "Ditman2007"]
[Result "0-1"]
[WhiteElo "2398"]
[BlackElo "2695"]
[TimeControl "180+1"]
[EndTime "14:16:18 PDT"]
[Termination "Ditman2007 won on time"]

1. d4 Nf6 2. c4 c5 3. d5 b5 4.
Nd2 bxc4 5. e4 c3 6. bxc3 d6 7. Ngf3 g6 8. Qc2 Bg7 9. Rb1 O-O 10. h3 Qa5 11. Nc4 Qc7 12. Bd3 Ba6 13. O-O Nbd7 14.
Bf4 Rfb8 15. Rbd1 Nh5 16. Bh2 Bxc4 17. Bxc4 Qa5 18. Rc1 Qa3 19. Rfe1 Rb2 20. Qd3 Rab8 21. e5 dxe5 22. Nxe5 Nxe5 23. Bxe5 Bxe5 24. Rxe5 Rxf2 25.
Kxf2 Qxc1 26. Rxe7 Rb2+ 27. Re2 Nf4 0-1

[Event "Late-Titled-Tuesday-Blitz-May-14-2024"]
[Site "Chess.com"]
[Date "2024.05.14"]
[Round "2"]
[White "mouseslips_are_the_best"]
[Black "KingCyber19"]
[Result "0-1"]
[WhiteElo "2364"]
[BlackElo "2556"]
[TimeControl "180+1"]
[EndTime "14:16:21 PDT"]
[Termination "KingCyber19 won by checkmate"]

1. e4 e5 2. Nf3 Nc6 3. d4 exd4 4. Nxd4 Nf6 5. Nc3 Bb4 6. Nxc6 bxc6 7. Bd3 d5 8. exd5 O-O 9. O-O Bg4 10. Ne2 Re8 11.
h3 Bh5 12. dxc6 Bd6 13. Bg5 h6 14. Bh4 g5 15. Bg3 Bxg3 16. fxg3 Qe7 17. g4 Qe3+ 18.
Kh1 Nxg4 19. hxg4 Bxg4 20. Re1 Qf2 21. Qd2 Re3 22. Rf1 Rh3+ 23. gxh3 Bf3# 0-1

[Event "Late-Titled-Tuesday-Blitz-May-14-2024"]
[Site "Chess.com"]
[Date "2024.05.14"]
[Round "2"]
[White "Dedic8"]
[Black "KChor05"]
[Result "1-0"]
[WhiteElo "2905"]
[BlackElo "2615"]
[TimeControl "180+1"]
[EndTime "14:16:22 PDT"]
[Termination "Dedic8 won by resignation"]

1. d4 Nf6 2. c4 g6 3. Nc3 d5 4. cxd5 Nxd5 5. e4 Nxc3 6. bxc3 Bg7 7. Nf3 O-O 8. Be2 c6 9. O-O Nd7 10. Bg5 h6 11. Bf4 Qa5 12. Qd3 e5 13. Bd2 Rd8 14.
Qe3 Qb6 15. Rab1 Qc7 16. h4 exd4 17. cxd4 Nf6 18. Ne5 c5 19. Bc3 cxd4 20. Bxd4 Rxd4 21. Qxd4 Nd7 22. f4 Nxe5 23. fxe5 Bxe5 24. Qc4 Qe7 25. Qd5 Bc7 26. e5 Be6 27. Qxb7 Bb6+ 28. Rxb6 Qc5+ 29.
Kh1 Rc8 30. Rxe6 fxe6 31. Qf7+ 1-0

[Event "Late-Titled-Tuesday-Blitz-May-14-2024"]
[Site "Chess.com"]
[Date "2024.05.14"]
[Round "2"]
[White "OneTrickPony_82"]
[Black "FredddieCroderg"]
[Result "0-1"]
[WhiteElo "2500"]
[BlackElo "2305"]
[TimeControl "180+1"]
[EndTime "14:16:24 PDT"]
[Termination "FredddieCroderg won by resignation"]

1. d4 d5 2. c4 e6 3. Nf3 Nf6 4. Nc3 Be7 5. Bf4 O-O 6. e3 c5 7.
dxc5 Nbd7 8. cxd5 Nxd5 9. Nxd5 exd5 10. Qxd5 Nxc5 11. Qxd8 Rxd8 12. Rd1 Rxd1+ 13. Kxd1 Be6 14. a3 Rd8+ 15. Ke1 Nd3+ 16. Bxd3 Rxd3 17. Nd2 Bf6 18. Ke2 Rd7 19. Rc1 g5 20. Bg3 Bxb2 21. Rc8+ Kg7 22.
Rc5 f6 23. a4 h5 24. Nc4 Bc3 25. Nd6 Bb4 26. Ne8+ Kf7 27. Rb5 Bc4+ 0-1

[Event "Late-Titled-Tuesday-Blitz-May-14-2024"]
[Site "Chess.com"]
[Date "2024.05.14"]
[Round "2"]
[White "Statham_01"]
[Black "KaydenTroffChess"]
[Result "1-0"]
[WhiteElo "2622"]
[BlackElo "2870"]
[TimeControl "180+1"]
[EndTime "14:16:25 PDT"]
[Termination "Statham_01 won by resignation"]

1. e4 c5 2. a3 g6 3. Nf3 Bg7 4. c3 Nc6 5. d4 cxd4 6. cxd4 d5 7. exd5 Qxd5 8. Nc3 Qd8 9. d5 Nb8 10. Bc4 Nf6 11. O-O O-O 12. Re1 Nbd7 13. Bg5 Nb6 14.
Ba2 Bf5 15. Qe2 Re8 16. Rad1 Qd6 17. Nb5 Qd7 18. Ne5 Qd8 19. Qf3 a6 20. Nd4 Nfd7 21.
Nxf7 Qc8 22. Nxf5 gxf5 23. d6 e6 24. Rxe6 Nc4 25. Rxe8+ Qxe8 26. Bxc4 Rc8 27. Nh6+ Kh8 28. Nf7+ Kg8 29. Ba2 Rc5 30. h4 h6 31. Nxh6+ Kh7 32.
Bf7 Qe5 33. Qh5 Nf6 34. Bxf6 Qxf6 35. Ng8+ 1-0

[Event "Late-Titled-Tuesday-Blitz-May-14-2024"]
[Site "Chess.com"]
[Date "2024.05.14"]
[Round "2"]
[White "Brown_Mamba24"]
[Black "Chessdude1987"]
[Result "1-0"]
[WhiteElo "2617"]
[BlackElo "2377"]
[TimeControl "180+1"]
[EndTime "14:16:28 PDT"]
[Termination "Brown_Mamba24 won on time"]

1. d4 e6 2. Nf3 f5 3. Bg5 Be7 4. h4 Nf6 5. Nbd2 d5 6. h5 h6 7. Bf4 Ne4 8. Ne5 Bg5 9. e3 Bxf4 10. exf4 O-O 11. Ng6 Rf6 12. f3 Ng3 13. Rh3 Nxh5 14.
Rxh5 Rxg6 15. Qe2 c5 16. dxc5 Qc7 17. Qe3 Nd7 18. Nb3 b6 19. cxb6 axb6 20. c3 Bb7 21. Nd4 e5 22. fxe5 Nxe5 23. Rxf5 Re8 24. O-O-O Bc6 25.
Nxc6 Rxc6 26. Bb5 Ree6 27. Bxc6 1-0

[Event "Late-Titled-Tuesday-Blitz-May-14-2024"]
[Site "Chess.com"]
[Date "2024.05.14"]
[Round "2"]
[White "OIAM03"]
[Black "Atanejhad"]
[Result "0-1"]
[WhiteElo "1947"]
[BlackElo "2441"]
[TimeControl "180+1"]
[EndTime "14:16:28 PDT"]
[Termination "Atanejhad won on time"]

1. e4 e5 2. Nf3 Nc6 3. d4 exd4 4.
Nxd4 Nf6 5. Nxc6 bxc6 6. e5 Qe7 7. Qe2 Nd5 8. c4 Ba6 9. b3 Nb6 10. Ba3 Qe6 11. Bxf8 Rxf8 12. f4 O-O-O 13. Nd2 d6 14. exd6 Qxd6 15. O-O-O Qxf4 16. g3 Qf6 17. Bh3+ Kb8 18.
Kb1 Rfe8 19. Qf1 Qc3 20. Qxf7 Re2 21. Qf4 Rexd2 22. Rxd2 Rxd2 23. Qf8+ Bc8 0-1

[Event "Late-Titled-Tuesday-Blitz-May-14-2024"]
[Site "Chess.com"]
[Date "2024.05.14"]
[Round "2"]
[White "AlejandroArias"]
[Black "Ykow"]
[Result "0-1"]
[WhiteElo "2345"]
[BlackElo "2547"]
[TimeControl "180+1"]
[EndTime "14:16:29 PDT"]
[Termination "Ykow won by resignation"]

1. e3 e5 2. d4 e4 3. c4 c6 4. Nc3 d5 5. Nge2 Nf6 6. Ng3 Bd6 7. Be2 O-O 8. O-O Re8 9. Bd2 dxc4 10. Bxc4 b5 11.
Bb3 b4 12. Na4 Bb7 13. Rc1 Nbd7 14. Qc2 Nb6 15. Nc5 Bxc5 16. Qxc5 a5 17. Qg5 h6 18. Qh4 Nbd5 19. Bc2 Qe7 20. Bb1 Qe6 21. f3 exf3 22. Rxf3 Qg4 23. Qxg4 Nxg4 24. e4 Nb6 25. b3 Rad8 26. Nf5 g6 27. Nxh6+ Nxh6 28. Bxh6 Nc8 29. Be3 Nd6 30. e5 Nb5 31. Rf4 Nc3 32. Bd3 c5 33.
Bc4 Bd5 34. Bb5 Nxb5 35. dxc5 Bc6 36. Rcf1 Rxe5 37. Bc1 f5 38. h4 Nc3 39. R4f2 Re2 40.
Bg5 Rd5 0-1

[Event "Late-Titled-Tuesday-Blitz-May-14-2024"]
[Site "Chess.com"]
[Date "2024.05.14"]
[Round "2"]
[White "Nf3c5"]
[Black "jaramsdal"]
[Result "1-0"]
[WhiteElo "2561"]
[BlackElo "2366"]
[TimeControl "180+1"]
[EndTime "14:16:31 PDT"]
[Termination "Nf3c5 won by resignation"]

1. d4 Nf6 2. Nc3 d5 3. Bf4 c5 4.
e3 e6 5. Nb5 Na6 6. Nf3 c4 7.
a4 Be7 8. b3 cxb3 9. c3 O-O 10.
Qxb3 Bd7 11. Bd3 Rc8 12. O-O Qb6 13. Rfc1 Bxb5 14. axb5 Nb8 15. Qa4 Ne4 16. Bxe4 dxe4 17. Nd2 f5 18. c4 a6 19. c5 Qxb5 20. Qxb5 axb5 21. Rab1 Nc6 22. Rxb5 e5 23. Bxe5 Rfd8 24. Nc4 Nxe5 25. Nxe5 Rd5 26. Rxb7 Bxc5 27. Nd7 Rc6 28.
Nxc5 Rdxc5 1-0

[Event "Late-Titled-Tuesday-Blitz-May-14-2024"]
[Site "Chess.com"]
[Date "2024.05.14"]
[Round "2"]
[White "Licancabur"]
[Black "grozdanovic_a"]
[Result "1-0"]
[WhiteElo "2504"]
[BlackElo "2272"]
[TimeControl "180+1"]
[EndTime "14:16:32 PDT"]
[Termination "Licancabur won by resignation"]

1. f4 Nf6 2. Nf3 g6 3. g3 Bg7 4. Bg2 d6 5. O-O c5 6. d3 Nc6 7. e4 Bg4 8. h3 Bxf3 9. Bxf3 Qd7 10. Bg2 O-O-O 11. c3 e5 12. Na3 d5 13. fxe5 Nxe5 14. Bf4 Nc6 15. Nb5 Qe7 16. Qa4 a6 17. Rfe1 axb5 18.
Qa8+ Kd7 19. Qxb7+ Ke8 20. exd5 Nxd5 21. Bxd5 Kf8 22.
Rxe7 Nxe7 23. Bd6 1-0

[Event "Late-Titled-Tuesday-Blitz-May-14-2024"]
[Site "Chess.com"]
[Date "2024.05.14"]
[Round "2"]
[White "2346PL"]
[Black "Aygehovit1992"]
[Result "0-1"]
[WhiteElo "2579"]
[BlackElo "2852"]
[TimeControl "180+1"]
[EndTime "14:16:34 PDT"]
[Termination "Aygehovit1992 won by resignation"]

1. d4 Nf6 2. Bg5 d5 3. e3 c5 4. Nd2 Nc6 5. c3 Qb6 6. Qb3 c4 7. Qxb6 axb6 8. Bxf6 exf6 9. e4 dxe4 10. Bxc4 f5 11. Ne2 Bd6 12. O-O O-O 13. a3 g6 14.
Rae1 Re8 15. Ng3 Bd7 16. Re2 Na5 17. Ba2 Rac8 18. c4 Nc6 19. Nb3 Bf8 20. Rd1 Bg7 21. Nf1 Kf8 22. f3 exf3 23. Rxe8+ Rxe8 24. gxf3 Re2 25. Rd2 Rxd2 26. Nfxd2 Nxd4 27. Nc1 Bh6 28. Ncb3 Nxb3 29.
Nxb3 Bg7 30. c5 Bxb2 31. cxb6 Bxa3 32. Kg2 Be6 33. Na5 Bxa2 34. Nxb7 Bd5 35. Nd8 Bd6 36. b7 Bb8 0-1

[Event "Late-Titled-Tuesday-Blitz-May-14-2024"]
[Site "Chess.com"]
[Date "2024.05.14"]
[Round "2"]
[White "Evgeny81"]
[Black "banane_verte"]
[Result "1-0"]
[WhiteElo "2771"]
[BlackElo "2548"]
[TimeControl "180+1"]
[EndTime "14:16:34 PDT"]
[Termination "Evgeny81 won by resignation"]

1. Nf3 g6 2. c4 Bg7 3. d4 b6 4. Nc3 Bb7 5. e4 e6 6. Be3 d6 7. Bd3 h6 8. O-O Ne7 9. d5 Nd7 10. dxe6 fxe6 11. Qc2 Nc6 12. e5 O-O 13. exd6 cxd6 14.
Bxg6 Nce5 15. Nxe5 Nxe5 16. Be4 d5 17. cxd5 exd5 18. Rad1 Qh4 19. Bxd5+ Bxd5 20. Nxd5 Rac8 21. Qb3 Kh8 22. h3 Nf3+ 23. gxf3 Qxh3 24. Nf4 Qxf3 25. Ng6+ Kh7 26. Nxf8+ Rxf8 27. Qd5 Qf6 28. Qe4+ Kh8 29. Bd4 Qg5+ 30. Qg2 1-0

[Event "Late-Titled-Tuesday-Blitz-May-14-2024"]
[Site "Chess.com"]
[Date "2024.05.14"]
[Round "2"]
[White "crosky"]
[Black "vpsetter"]
[Result "0-1"]
[WhiteElo "2289"]
[BlackElo "2515"]
[TimeControl "180+1"]
[EndTime "14:16:34 PDT"]
[Termination "vpsetter won by resignation"]

1. d4 Nf6 2. Bg5 d5 3. Nd2 Nbd7 4. e3 c5 5. c3 b6 6. Bd3 g6 7. f4 Bg7 8. Ngf3 O-O 9. Ne5 Bb7 10. Qf3 Ne8 11. h4 f6 12. h5 Nxe5 13. dxe5 fxg5 14. hxg6 h6 15. Qg3 gxf4 16. exf4 Bc8 17. O-O-O Bf5 18. Ne4 e6 19. Rh5 dxe4 0-1

[Event "Late-Titled-Tuesday-Blitz-May-14-2024"]
[Site "Chess.com"]
[Date "2024.05.14"]
[Round "2"]
[White "Veleamater"]
[Black "Revan_2002"]
[Result "0-1"]
[WhiteElo "2447"]
[BlackElo "2754"]
[TimeControl "180+1"]
[EndTime "14:16:35 PDT"]
[Termination "Revan_2002 won by resignation"]

1. e4 e5 2. Nf3 Nc6 3. Bc4 Bc5 4.
O-O Nf6 5. d4 Bxd4 6. Nxd4 Nxd4 7. Bg5 d6 8. f4 Be6 9. Bxe6 Nxe6 10. fxe5 dxe5 11. Qxd8+ Rxd8 12. Bxf6 gxf6 13. Nc3 Rd2 14. Rad1 Rxd1 15. Nxd1 Nc5 16. Nc3 c6 17. Rxf6 Ke7 18. Rh6 Rd8 19. Rxh7 Rd2 20. Rh5 Kf6 21. Rf5+ Ke6 22.
h4 Rxc2 23. h5 Nxe4 24. Rf3 Rc1+ 25. Kh2 Nf6 26. h6 Ng4+ 27. Kg3 Nxh6 28. Ne4 f5 29.
Ng5+ Kf6 30. Ne4+ Kg6 31. Nd6 f4+ 32. Kh2 Ng4+ 33. Kh3 Ne3 34. Kh2 Rc2 35. Nxb7 Rxg2+ 36. Kh1 Rxb2 37. Na5 c5 38. Nc6 Kf5 39. Nxa7 Kg4 0-1

[Event "Late-Titled-Tuesday-Blitz-May-14-2024"]
[Site "Chess.com"]
[Date "2024.05.14"]
[Round "2"]
[White "Cuchulin"]
[Black "Savagelittlemole"]
[Result "0-1"]
[WhiteElo "2220"]
[BlackElo "2497"]
[TimeControl "180+1"]
[EndTime "14:16:39 PDT"]
[Termination "Savagelittlemole won by resignation"]

1. d4 Nf6 2. Bf4 c5 3. e3 g6 4.
Nc3 Bg7 5. Nb5 Na6 6. c3 O-O 7.
Nf3 cxd4 8. exd4 Nh5 9. Be3 Nc7 10. Qd2 Nd5 11. Bg5 a6 12. Na3 Qc7 13. Bh6 Ndf4 14. Bxg7 Kxg7 15. g3 Qc6 16. Qe3 Nd5 17. Qd2 d6 18.
Bg2 Nhf6 19. O-O Bg4 20. Rfe1 Qd7 21. Nc2 Bh3 22. Bh1 Rae8 23. c4 Nc7 24. d5 b5 25.
b3 bxc4 26. bxc4 e5 27. dxe6 Nxe6 28. Rad1 Rd8 29. Qc3 Nc5 30. Nb4 Be6 31. Nd4 a5 32. Nxe6+ fxe6 33. Nd3 Nxd3 34. Rxd3 e5 35. Red1 Qf5 36.
Rd4 exd4 37. Qxd4 0-1

[Event "Late-Titled-Tuesday-Blitz-May-14-2024"]
[Site "Chess.com"]
[Date "2024.05.14"]
[Round "2"]
[White "GMAneta"]
[Black "WCM-Mexicana"]
[Result "0-1"]
[WhiteElo "2529"]
[BlackElo "2373"]
[TimeControl "180+1"]
[EndTime "14:16:41 PDT"]
[Termination "WCM-Mexicana won by resignation"]

1. d4 Nf6 2. Nf3 g6 3. c4 Bg7 4. g3 O-O 5. Bg2 d6 6. O-O c5 7. Nc3 a6 8. dxc5 dxc5 9. Be3 b6 10. Ne5 Ra7 11. Qb3 Qc7 12. Bf4 Nh5 13. Nd5 Qd8 14.
Rad1 Nxf4 15. gxf4 Bxe5 16. fxe5 Nd7 17. e6 fxe6 18.
Nf4 Rxf4 19. Qe3 e5 20. Qxe5 Nxe5 21. Rxd8+ Rf8 22. Rfd1 Rd7 23. R1xd7 Bxd7 24. Bd5+ e6 25. Rxd7 Nxd7 26. Bxe6+ Rf7 27. f4 Kf8 28. Bxf7 Kxf7 29. Kf2 b5 30. cxb5 axb5 31. Ke3 Ke6 32. Ke4 Nf6+ 33.
Kf3 Kd5 34. b3 Kd4 35. a4 bxa4 36. bxa4 c4 37. a5 c3 38. a6 Nd7 39. a7 Nb6 40. e4 c2 41. e5 c1=Q 42. e6 Qc6+ 43.
Kg3 Qxe6 0-1

[Event "Late-Titled-Tuesday-Blitz-May-14-2024"]
[Site "Chess.com"]
[Date "2024.05.14"]
[Round "2"]
[White "lamomiajunior"]
[Black "VacheH009"]
[Result "1-0"]
[WhiteElo "2776"]
[BlackElo "2548"]
[TimeControl "180+1"]
[EndTime "14:16:44 PDT"]
[Termination "lamomiajunior won by resignation"]

1. d4 Nf6 2. Nc3 d5 3. Bf4 a6 4. e3 e6 5. g4 Bd6 6. g5 Nfd7 7.
Qf3 Bxf4 8. Qxf4 h6 9. gxh6 Rxh6 10. O-O-O Nc6 11. e4 Ne7 12. Nf3 Nf6 13. Rg1 Ng6 14. Qe3 dxe4 15. Nxe4 Nxe4 16. Qxe4 Qd5 17. Qxd5 exd5 18.
Bd3 Kf8 19. Rde1 Nh4 20. Ne5 f6 21. Ng6+ Nxg6 22. Bxg6 Bd7 23. Rg2 Bh3 24. Rg3 Bd7 25. f4 Rxh2 26. Rge3 Rd8 27. Re7 Kg8 28. Rxd7 1-0

[Event "Late-Titled-Tuesday-Blitz-May-14-2024"]
[Site "Chess.com"]
[Date "2024.05.14"]
[Round "2"]
[White "AGW2016"]
[Black "SandwichOSaumon"]
[Result "1-0"]
[WhiteElo "2532"]
[BlackElo "2316"]
[TimeControl "180+1"]
[EndTime "14:16:48 PDT"]
[Termination "AGW2016 won by resignation"]

1. d4 Nf6 2. c4 c6 3. Nf3 d5 4.
e3 e6 5. Qc2 Nbd7 6. b3 Bd6 7.
Bb2 O-O 8. Bd3 b6 9. g4 h6 10. Rg1 Bb7 11. h4 c5 12. g5 hxg5 13.
hxg5 Ne4 14. Nbd2 cxd4 15. Nxe4 dxe4 16. Bxe4 Bxe4 17. Qxe4 e5 18. Rh1 g6 19. O-O-O Re8 20.
Qh4 Kf8 21. exd4 e4 22. Ne5 Re6 23. Qh7 Bxe5 24. dxe5 Qe8 25. Qh8+ Ke7 26. Ba3+ Nc5 27. Qh4 Rxe5 28. Qf4 Kf8 29. Rh8+ Kg7 30. Rxe8 Raxe8 31. Bb2 f6 32. Qxf6+ 1-0

[Event "Late-Titled-Tuesday-Blitz-May-14-2024"]
[Site "Chess.com"]
[Date "2024.05.14"]
[Round "2"]
[White "crazycheesecake"]
[Black "ccccvhhhj"]
[Result "0-1"]
[WhiteElo "2165"]
[BlackElo "2467"]
[TimeControl "180+1"]
[EndTime "14:16:49 PDT"]
[Termination "ccccvhhhj won on time"]

1. e4 e6 2. d4 d5 3. Nd2 Nc6 4.
Ngf3 g5 5. exd5 exd5 6. h3 Qf6 7. c3 Bd7 8. Bd3 O-O-O 9. Nf1 Re8+ 10. Be3 Nh6 11.
Qd2 Nf5 12. O-O-O h6 13. Kb1 Bd6 14. Qc2 a6 15. Bd2 Nfe7 16. Ne3 Be6 17. Rhe1 Ng6 18.
Nf1 Kb8 19. Ng3 Nf4 20. Bxf4 gxf4 21. Nf1 Rhg8 22. N1d2 Rxg2 23. Rf1 Bxh3 24. Rh1 Bg4 25. Rdf1 h5 26. Nh4 f3 27. Nxg2 fxg2 28. Rhg1 gxf1=Q+ 29.
Rxf1 Be2 30. Bxe2 Rxe2 31. Qd3 Qe6 32. Rd1 Re1 33. Nf3 Rxd1+ 34. Qxd1 Qf5+ 35. Ka1 Qxf3 36.
Qxf3 h4 37. Qxf7 h3 38. Qh5 h2 39. Kb1 Ne7 40. Kc2 Ng6 41. Kd2 a5 42. Ke1 Nf4 0-1